Map: Problem Vermilliona

Players

Legol

  • Race: Terran Terran
  • League: Gold

Hasturat

  • Race: Terran Terran
  • Spawn Location: 11:00

VOD

Have the link to the VOD?

Description

Time

  • Played on: Jan. 3, 2020, 3:22 p.m.
  • Length: 23:38
Show
View Real Time Build Order
Export as new Build Order

Legol Terran 

Build Orders:  

Get SALT Encoding   

  12  0:03  SCV  
  13  0:20  SCV  
  13  0:23  Refinery  
  14  0:37  SCV  
  15  0:54  SCV  
  15  0:57  Engineering Bay  
  16  1:11  SCV  
  17  1:25  Gunslingers Hideout  
  17  1:28  SCV  
  18  1:45  SCV  
  19  1:53  Engineering Bay  
  19  2:00  Outlaw Weapons Level 1  
  19  2:02  SCV  
  20  2:19  SCV  
  21  2:35  SCV  
  22  2:52  Outlaw Life and Armor Level 1, SCV  
  23  3:00  Refinery  
  23  3:01  Tychus  
  23  3:09  SCV  
  24  3:26  SCV  
  25  3:35  Muscle Armory  
  25  3:40  Fixers Safehouse  
  25  3:43  SCV  
  26  4:00  SCV  
  27  4:17  SCV  
  27  4:19  Miles Blaze Lewis  
  38  4:34  SCV  
  39  4:51  SCV  
  40  5:08  SCV  
  41  5:25  SCV  
  42  5:34  Outlaw Weapons Level 2, Outlaw Life and Armor Level 2  
  42  5:42  SCV  
  43  5:59  SCV  
  44  6:16  SCV  
  44  6:18  Auto-Turret  
  44  6:19  Auto-Turret x3  
  45  6:33  SCV  
  46  6:45  Command Center  
  46  6:53  SCV  
  44  7:10  SCV  
  47  8:10  Command Center  
  47  8:18  Auto-Turret x4  
  47  8:47  Flashforce GDM Visor  
  47  8:49  Medivac Platform  
  47  10:09  SCV  
  48  10:19  Auto-Turret  
  48  10:21  Auto-Turret  
  48  10:22  Auto-Turret  
  48  10:23  Auto-Turret  
  48  10:24  Auto-Turret  
  48  10:25  Auto-Turret  
  48  10:26  SCV  
  49  10:43  SCV  
  50  10:57  SCV  
  51  11:00  SCV  
  52  11:14  SCV  
  52  11:17  SCV  
  54  11:20  Lt Layna Nikara  
  64  11:45  SCV  
  65  12:02  SCV  
  66  12:19  SCV  
  67  13:20  James Sirius Sykes  
  77  13:31  Auto-Turret  
  77  13:33  Auto-Turret x3  
  77  13:35  Auto-Turret x2  
  77  13:40  Auto-Turret  
  77  13:56  Outlaw Weapons Level 3, Outlaw Life and Armor Level 3  
  77  14:04  Engineering Bay  
  77  14:08  Engineering Bay  
  77  14:13  SCV  
  77  14:14  Refinery  
  77  14:16  Refinery  
  78  14:30  SCV  
  79  14:47  SCV  
  80  15:04  SCV  
  81  15:21  SCV  
  82  16:02  SCV  
  82  16:08  KD9a Implosion Core, Vanadium Shell, Kel-Morian Ripper Rounds  
  83  16:19  SCV  
  84  16:36  SCV  
  85  16:53  SCV  
  85  16:54  Outlaw Weapons Level 4, Outlaw Life and Armor Level 4  
  85  16:55  Endurance Supplements  
  85  16:56  Big Red Button  
  86  17:10  SCV  
  86  17:14  Auto-Turret  
  86  17:15  Auto-Turret x2  
  86  17:16  Auto-Turret  
  87  17:53  Medivac Platform  
  87  17:57  Medivac Platform  
  87  18:11  Rob Cannonball Boswell  
  97  19:44  Procyon Serum, Umojan Repair Nanites  
  97  19:45  Procyon Twin Heal Beam Gauntlet  
  97  22:34  XM-77 Matrix Generator  
  97  22:36  High Capacity Containers, Hades Oil  
  97  22:37  X-71 Impact Boots, Wildflame Fuel Additives  
Show
View Real Time Build Order
Export as new Build Order

Hasturat Terran 

Build Orders:  

Get SALT Encoding   

  12  0:07  SCV  
  13  0:22  Supply Depot  
  13  0:24  SCV  
  14  0:38  SCV  
  15  0:50  Refinery  
  15  0:52  SCV  
  16  1:04  Factory  
  16  1:10  SCV  
  17  1:23  SCV  
  17  1:29  Refinery  
  18  1:37  SCV  
  19  1:50  SCV  
  19  1:57  Supply Depot  
  20  2:04  SCV  
  21  2:18  SCV  
  22  2:31  SCV  
  23  2:52  Starport  
  23  2:59  SCV  
  24  3:12  SCV  
  25  3:26  SCV  
  25  3:27  Supply Depot  
  26  3:40  SCV  
  26  3:45  Factory Tech Reactor  
  26  3:47  Starport Tech Reactor  
  27  3:53  SCV  
  28  4:04  Armory  
  28  4:22  SCV  
  28  4:23  Hellbat x2  
  28  4:28  Science Vessel  
  35  4:33  Upgrade Laser Drill Level 1  
  35  4:43  Supply Depot  
  35  5:13  Armory  
  35  5:34  Infernal Plating  
  35  5:50  Supply Depot  
  35  6:05  Hellbat x2  
  35  6:14  Science Vessel  
  40  6:44  Command Center  
  40  6:52  Terran Vehicle And Ship Armor Level 1, Terran Vehicle and Ship Weapons Level 1  
  40  7:09  Goliath x2  
  44  7:13  SCV  
  45  7:47  Upgrade Laser Drill Level 2  
  43  8:25  Goliath x2  
  47  8:46  Command Center  
  47  8:51  Hellbat x2  
  47  8:58  Infernal Pre-Igniter  
  50  9:39  Terran Vehicle and Ship Weapons Level 2  
  59  9:40  Terran Vehicle And Ship Armor Level 2  
  50  10:00  Refinery  
  50  10:22  Improved Nano-Repair  
  50  10:28  Refinery  
  50  10:42  Goliath x2  
  54  10:59  Ares-Class Targeting System  
  54  11:07  Hellbat  
  54  11:08  Hellbat  
  54  11:10  SCV x2  
  60  11:23  SCV x2  
  62  11:38  SCV x2  
  64  11:47  Supply Depot  
  64  11:51  SCV  
  64  11:52  SCV  
  66  12:05  SCV x2  
  68  12:19  SCV x2  
  70  12:33  SCV x2  
  72  12:46  SCV  
  73  12:53  Science Vessel x2  
  73  12:57  Terran Vehicle and Ship Weapons Level 3  
  73  12:58  Terran Vehicle And Ship Armor Level 3  
  77  13:19  Goliath  
  78  13:40  Supply Depot  
  78  14:09  SCV  
  78  14:10  Goliath, Science Vessel x2  
  78  14:13  Supply Depot  
  85  14:23  SCV  
  86  14:43  SCV  
  86  14:45  Supply Depot  
  87  14:56  SCV  
  87  15:07  SCV  
  83  15:10  SCV  
  83  15:17  Supply Depot  
  83  15:21  SCV  
  83  15:24  SCV  
  85  15:34  SCV  
  85  15:37  SCV  
  85  15:39  Multi-Lock Weapons System  
  87  15:48  SCV  
  88  15:51  SCV  
  89  16:01  SCV  
  89  16:04  SCV  
  91  16:15  SCV  
  91  16:18  SCV  
  93  16:36  SCV x2  
  93  16:37  Advanced Optics, Regenerative Bio-Steel  
  95  16:49  SCV  
  102  16:50  SCV  
  97  17:09  Maelstrom Rounds  
  94  17:40  Goliath  
  96  17:53  Siege Tank  
  96  17:57  Hercules  
  102  18:07  Supply Depot  
  102  18:12  Siege Tank  
  102  18:18  Science Vessel  
  107  18:29  Siege Tank  
  110  18:37  Science Vessel  
  110  18:38  Supply Depot  
  112  18:47  Siege Tank  
  113  19:05  Siege Tank  
  116  19:12  Supply Depot  
  116  19:23  Siege Tank  
  119  19:41  Siege Tank  
  119  19:43  Supply Depot  
  122  19:59  Siege Tank  
  121  20:15  Supply Depot  
  118  21:01  Goliath x2  
  122  21:33  Goliath x2  
  126  22:05  Goliath x2  
  130  22:37  Goliath x2  
Tags
 
Add a new tag
Caveats
  • Supply blocks, unpowered buildings, or Contaminate may cause inaccurate times.
  • Supply counts are checked every 10 seconds.